 Dungeon Crawl Stone Soup version 0.30.1-11-g7821555f0a (webtiles) character file.

Game seed: 12310368833440291355

9 comborobin the Sneak (level 1, 0/18 HPs)
             Began as a Demigod Delver on Dec 16, 2023.
             Shot with an arrow by a centaur (8 damage)
             ... on level 5 of the Dungeon.
             The game lasted 00:00:15 (53 turns).

comborobin the Sneak (Demigod Delver)                 Turns: 53, Time: 00:00:16

Health: 0/18       AC:  3    Str: 13    XL:     1   Next: 86%
Magic:  3/3        EV: 11    Int: 12    God:
Gold:   21         SH:  0    Dex: 15    Spells: 0/0 levels left

rFire   . . .        a - +0 mace
rCold   . . .        (no shield)
rNeg    . . .        b - +0 leather armour
rPois   .            (no helmet)
rElec   .            (no cloak)
rCorr   .            (no gloves)
SInv    .            (no boots)
Will    .....        (no amulet)
Stlth   +++          (no ring)
HPRegen 0.23/turn    (no ring)
MPRegen 0.08/turn

%: no passive effects
@: hasted, very quick
A: high MP 1, forlorn, divine attributes
a: no special abilities


You were on level 5 of the Dungeon.
You visited 1 branch of the dungeon, and saw 2 of its levels.

You collected 21 gold pieces.

Inventory:

Hand Weapons
 a - a +0 mace (weapon)
Armour
 b - a +0 leather armour (worn)
Wands
 g - a wand of digging (3)
Scrolls
 c - a scroll of fog
 e - a scroll of fear


   Skills:
 - Level 2.6 Fighting
 * Level 2.5 Maces & Flails
 - Level 1.7 Dodging
 - Level 4.5 Stealth


You couldn't memorise any spells.
You didn't know any spells.
Your spell library was empty.

Dungeon Overview and Level Annotations

Branches:
Dungeon (6/15)
 Temple: D:4-7


Innate Abilities, Weirdness & Mutations

You have an increased reservoir of magic. (+10% MP)
You shall have no god before yourself.
Your divine heritage dramatically boosts your attributes as you level up.


Message History

You closely miss the adder.
The adder is heavily wounded.
The adder bites you.
You sock the adder!
You kill the adder!
Your Maces & Flails skill increases to level 2!
There is a stone staircase leading down, spattered with blood here.
You see here an adder corpse.
You can't go down here!
There is a stone staircase leading down, spattered with blood here.
You see here an adder corpse.
You climb downwards.
There is a stone staircase leading up here.
You climb upwards.
There is a stone staircase leading down, spattered with blood here.
You see here an adder corpse.
As you read the scroll of magic mapping, it crumbles to dust.
You feel aware of your surroundings.
You sensed 1 altar.
You now have 21 gold pieces (gained 11).
Found a long sword and a robe.
Found a stone staircase leading down.
A worm comes into view.
An orc priest and a white imp come into view.
An orc comes into view.
It is wielding a +0 whip. 2 orcs, an adder and a sleepcap come into view.
Found 9 stones.
The white imp gestures at you. The puff of frost hits you!
An ogre comes into view. It is wielding a +0 giant club.
Found a stone staircase leading up.
The white imp shouts, "Escape, thou weedy spleeny gudgeon!"
The white imp gestures at you. The puff of frost misses you.
A centaur comes into view.
The white imp gestures at you. The puff of frost hits you.
The ogre shouts!
The centaur shouts!
You hear a shout!
You hear an angry hiss. x3
The centaur wields a +0 shortbow.
The centaur shoots an arrow.
The arrow hits you!
You die...

********,,,,,,,,,,,,,**,,,,,***,,
.....,,,,,,*##******....,,,,,,,,,
....,,****,,,.######....,,,,,,,,,
...#*,,,,,,,,...........,<,,,,,,,
...#********,,..........,,,,,,,,,
...#########**#.........,,,,,,,,,
...#.....#.## #.........,,,******
........[...###......<.#*,,*,,,,,
........).......@.......<,,*,***,
...........w............,,**,,,*,
...........5.....O......,,**,_,*,
.............####.......,***,,,*,
...........o.#**,......#****,***,
...........#..........c.,,,*,,,,,
........>..###...#..####,,,******
....###.....o,.#....#**,,,,,,,*
#.......#..#o.S.,#.,,,,,,,,,,,*


You could see an ogre, a centaur, a worm, a white imp and an orc.

Vanquished Creatures
  An adder (D:5)
1 creature vanquished.

Notes
Turn   | Place    | Note
-------+----------+-------------------------------------------
     0 | D:5      | comborobin the Demigod Delver began the quest for the Orb.
     0 | D:5      | Reached XP level 1. HP: 18/18 MP: 3/3
    42 | D:5      | Noticed an orc priest
    46 | D:5      | Noticed a sleepcap
    48 | D:5      | Noticed an ogre
    52 | D:5      | Noticed a centaur
    53 | D:5      | Shot with an arrow by a centaur

Illustrated notes

Levels and vault maps discovered:
D:5:      layout_rooms, mainiacjoe_overflow_alcove_4
D:6:      layout_loops_ring

Skill      XL: |  1 |
---------------+----+-----
Maces & Flails | 2 |  2.5
Fighting       | |  2.6
Dodging        | |  1.7
Stealth        | |  4.5

Action                     || total
---------------------------++-------
  Melee: Mace              ||     4
    Use: Scroll            ||     1
         Potion            ||     1
 Armour: Leather armour    ||     2
  Dodge: Dodged            ||     5
